Map: Orbital Shipyard

Players

llllllllllll

  • Race: Zerg Zerg
  • League: Grandmaster

State - Winner!

  • Race: Protoss Protoss
  • League: Grandmaster

VOD

Have the link to the VOD?

Description

Time

  • Played on: Dec. 27, 2015, 8:19 p.m.
  • Length: 11:21
Show
View Real Time Build Order
Export as new Build Order

llllllllllll Zerg 

Build Orders: Hatch First, Lurkers 

Get SALT Encoding   

  12  0:00  Drone  
  13  0:13  Overlord  
  13  0:18  Drone  
  14  0:31  Drone x2  
  16  0:36  Drone  
  17  0:52  Hatchery  
  17  0:55  Drone  
  17  1:01  Drone  
  18  1:06  Extractor  
  18  1:08  Drone  
  18  1:19  Spawning Pool  
  18  1:23  Drone  
  18  1:29  Drone  
  19  1:45  Hatchery  
  18  1:53  Drone  
  19  1:55  Overlord  
  19  2:05  Queen  
  21  2:12  Metabolic Boost  
  21  2:15  Zergling x2  
  22  2:23  Overlord  
  22  2:25  Drone  
  22  2:28  Drone  
  24  2:32  Drone  
  25  2:38  Drone  
  25  2:42  Drone x2  
  28  2:50  Queen  
  30  2:56  Pneumatized Carapace  
  30  2:59  Zergling x2  
  30  3:01  Zergling x2  
  30  3:03  Zergling x2  
  33  3:07  Drone  
  33  3:08  Drone  
  33  3:11  Drone x2  
  37  3:14  Drone  
  38  3:20  Queen  
  38  3:23  Drone  
  38  3:25  Drone  
  38  3:26  Drone  
  43  3:31  Drone  
  43  3:32  Drone  
  45  3:41  Overlord  
  45  3:44  Drone x3  
  48  3:53  Overlord  
  48  3:58  Drone x2, Overlord  
  48  4:01  Drone x5  
  55  4:03  Drone x3  
  55  4:07  Overlord  
  58  4:12  Overlord  
  58  4:13  Drone  
  58  4:14  Drone  
  58  4:15  Lair  
  60  4:19  Drone  
  60  4:23  Extractor  
  60  4:25  Extractor x2  
  60  4:29  Roach Warren  
  57  4:34  Drone x8  
  57  4:35  Drone  
  66  4:39  Evolution Chamber  
  66  4:40  Queen  
  66  4:44  Spore Crawler  
  66  4:45  Spore Crawler  
  65  4:52  Spore Crawler  
  64  4:55  Drone x7, Extractor  
  70  5:00  Drone  
  71  5:09  Drone x7  
  71  5:10  Drone  
  71  5:11  Zerg Missile Weapons Level 1  
  71  5:13  Extractor  
  76  5:14  Drone x2  
  76  5:18  Hydralisk Den  
  75  5:30  Drone  
  75  5:31  Drone  
  75  5:34  Drone  
  75  5:35  Drone x4  
  80  5:43  Drone  
  80  5:44  Drone  
  82  5:55  Overlord  
  81  6:02  Hydralisk  
  81  6:05  Hydralisk  
  81  6:12  Overlord  
  81  6:13  Overlord x5  
  81  6:14  Hydralisk  
  81  6:15  Hydralisk x4  
  81  6:17  Muscular Augments  
  88  6:20  Overlord  
  88  6:21  Overlord x2  
  85  6:33  Hydralisk x4  
  89  6:43  Hydralisk x2  
  91  6:49  Drone x2  
  91  6:52  Evolution Chamber  
  91  6:53  Queen  
  91  6:57  Drone x3  
  93  7:08  Drone x5  
  98  7:12  Zerg Melee Weapons Level 1  
  98  7:21  Hydralisk  
  98  7:22  Hydralisk x3  
  106  7:23  Hydralisk  
  106  7:27  Overseer  
  108  7:36  Zerg Ground Armor Level 1  
  106  7:38  Drone  
  106  7:39  Drone x2  
  106  7:41  Lurker Den  
  106  7:42  Hatchery  
  104  7:50  Drone  
  102  7:53  Drone x2  
  102  7:55  Hatchery  
  103  8:03  Overlord  
  103  8:12  Roach x12  
  127  8:13  Glial Reconstitution  
  127  8:21  Overlord x2  
  127  8:23  Hydralisk x2  
  132  8:38  Drone x2  
  132  8:40  Overlord  
  133  8:48  Hatchery  
  132  8:50  Overlord x3  
  132  8:53  Drone  
  133  8:56  Hydralisk x5  
  133  8:58  Roach x2  
  147  9:03  Roach  
  147  9:04  Overseer  
  149  9:10  Roach x2  
  149  9:25  Lurker  
  149  9:26  Lurker x3  
  149  9:28  Roach x3  
  151  9:36  Hydralisk x5  
  153  9:41  Roach  
  153  9:42  Roach x2  
  153  9:44  Roach x3  
  165  9:49  Hydralisk x2  
  169  9:57  Lurker  
  169  9:59  Roach x2  
  174  10:00  Overseer  
  174  10:01  Roach x3  
  174  10:05  Roach x2  
  184  10:08  Hatchery  
  184  10:13  Roach x2  
  183  10:14  Roach  
  183  10:15  Roach  
  183  10:20  Roach  
  171  10:23  Hydralisk x2  
  171  10:26  Roach x3  
  157  10:31  Hydralisk x2  
  157  10:33  Roach  
  153  10:36  Zergling x4  
  153  10:39  Lurker  
  156  10:49  Zergling x12  
  162  10:50  Zergling x6  
  161  10:58  Lurker x2  
  161  11:04  Zergling x2  
Show
View Real Time Build Order
Export as new Build Order

State Protoss - Winner!

Build Orders: 1 Gate Expand, Phoenix Opening 

Get SALT Encoding   

  12  0:02  Probe (Chrono Boost)  
  13  0:12  Probe (Chrono Boost)  
  14  0:18  Pylon  
  14  0:23  Probe (Chrono Boost)  
  15  0:36  Probe (Chrono Boost)  
  15  0:38  Gateway  
  16  0:43  Assimilator  
  16  0:47  Probe (Chrono Boost)  
  17  0:57  Probe (Chrono Boost)  
  18  1:08  Probe (Chrono Boost)  
  19  1:18  Nexus  
  19  1:22  Probe (Chrono Boost)  
  20  1:32  Cybernetics Core  
  20  1:35  Probe (Chrono Boost)  
  21  1:41  Assimilator  
  21  1:46  Probe (Chrono Boost)  
  22  1:49  Pylon  
  22  1:56  Probe (Chrono Boost)  
  23  2:11  Mothership Core (Chrono Boost), Adept  
  27  2:26  Warp Gate  
  27  2:29  Probe (Chrono Boost)  
  28  2:32  Probe (Chrono Boost)  
  29  2:39  Probe (Chrono Boost)  
  29  2:41  Adept  
  29  2:43  Probe (Chrono Boost)  
  33  2:50  Probe (Chrono Boost)  
  34  2:52  Stargate  
  34  2:53  Probe (Chrono Boost)  
  35  3:00  Probe (Chrono Boost)  
  35  3:04  Probe (Chrono Boost)  
  37  3:08  Adept  
  37  3:11  Probe (Chrono Boost), Pylon  
  40  3:14  Probe (Chrono Boost)  
  41  3:22  Probe (Chrono Boost)  
  41  3:26  Probe (Chrono Boost)  
  43  3:27  Pylon  
  43  3:32  Probe (Chrono Boost)  
  44  3:37  Probe (Chrono Boost), Phoenix (Chrono Boost)  
  47  3:43  Probe  
  47  3:46  Gateway  
  48  3:49  Probe, Gateway  
  48  3:55  Probe  
  50  4:02  Phoenix (Chrono Boost)  
  52  4:03  Pylon  
  52  4:09  Probe  
  53  4:10  Probe, Nexus  
  53  4:14  Pylon  
  54  4:20  Assimilator x2  
  56  4:24  Phoenix (Chrono Boost)  
  56  4:25  Probe  
  56  4:28  Probe  
  58  4:37  Probe  
  59  4:39  Probe  
  60  4:46  Phoenix (Chrono Boost)  
  60  4:49  Probe x2  
  64  5:00  Probe  
  64  5:01  Probe, Forge  
  64  5:03  Twilight Council  
  66  5:10  Probe  
  66  5:13  Probe  
  68  5:17  Robotics Facility  
  68  5:19  Adept x3  
  74  5:21  Probe  
  74  5:24  Probe  
  74  5:25  Probe  
  79  5:28  Phoenix (Chrono Boost)  
  79  5:31  Probe  
  79  5:35  Probe  
  80  5:38  Probe  
  80  5:42  Probe  
  82  5:44  Adept x2  
  82  5:45  Probe, Adept  
  89  5:50  Probe, Phoenix (Chrono Boost)  
  89  5:53  Probe  
  89  5:56  Probe  
  88  6:02  Probe  
  88  6:03  Probe, Protoss Ground Weapons Level 1  
  88  6:06  Probe  
  90  6:11  Phoenix (Chrono Boost)  
  90  6:12  Charge (Chrono Boost)  
  90  6:14  Probe  
  93  6:24  Assimilator  
  93  6:28  Assimilator  
  93  6:29  Gateway  
  93  6:31  Pylon  
  93  6:32  Pylon  
  93  6:45  Probe x2  
  93  6:49  Probe  
  94  6:54  Phoenix (Chrono Boost)  
  94  6:56  Probe  
  94  6:57  Probe, Photon Cannon  
  94  6:58  Gateway  
  94  6:59  Gateway, Observer  
  99  7:01  Probe  
  99  7:08  Probe, Zealot x3  
  102  7:10  Probe  
  102  7:15  Pylon x2  
  108  7:16  Templar Archives  
  108  7:17  Pylon  
  108  7:19  Gateway  
  108  7:20  Gateway  
  108  7:22  Gateway  
  106  7:52  Zealot x4  
  106  7:53  Probe  
  106  7:54  Probe x2  
  117  8:01  Warp Prism  
  119  8:06  Probe  
  119  8:07  Zealot x2  
  124  8:12  Gateway  
  124  8:13  Gateway  
  124  8:14  Gateway, Protoss Ground Weapons Level 2  
  124  8:15  Gateway  
  124  8:16  Robotics Facility  
  124  8:17  Pylon  
  124  8:20  Photon Cannon  
  124  8:22  Nexus  
  124  8:24  Pylon  
  124  8:25  Pylon  
  124  8:40  Immortal (Chrono Boost)  
  128  8:45  High Templar x5  
  128  8:46  High Templar x3  
  128  8:47  Zealot, Photon Cannon  
  146  8:49  Archon  
  146  8:50  Archon x3  
  146  8:56  Gateway  
  146  9:02  Gateway  
  146  9:03  Gateway  
  146  9:07  Immortal (Chrono Boost)  
  150  9:10  Blink  
  150  9:11  Pylon  
  150  9:12  Pylon  
  150  9:15  Pylon  
  150  9:20  Zealot x3  
  154  9:26  Zealot x2  
  154  9:34  Zealot x3  
  144  9:44  Immortal x2 (Chrono Boost)  
  148  10:00  Stalker x10  
  148  10:01  Stalker x2  
  172  10:10  Gateway x2  
  164  10:18  Observer x2 (Chrono Boost), Zealot x2  
  152  10:25  Zealot x4  
  117  10:40  Observer x2 (Chrono Boost)  
  119  10:43  Robotics Bay  
  119  10:44  High Templar x2  
  119  10:45  Probe, Zealot x6  
  136  10:52  Archon  
  136  10:58  Zealot x6  
  146  11:08  Stalker x2  
  146  11:09  Stalker x2  
Tags
 
Add a new tag
Caveats
  • Supply blocks, unpowered buildings, or Contaminate may cause inaccurate times.
  • Supply counts are checked every 10 seconds.